 Dungeon Crawl Stone Soup version 0.24.0-13-gcf9b3192b9 (webtiles) character file.

Game seed: 10060386348507850455, levelgen mode: deterministic

2683 Matador8 the Covert (level 9, -1/75 HPs)
             Began as a Naga Earth Elementalist on Nov 6, 2019.
             Killed by divine providence
             ... invoked by an orc priest
              (16 damage)
             ... on level 7 of the Dungeon.
             The game lasted 00:47:02 (8815 turns).

Matador8 the Covert (Naga Earth Elementalist)       Turns: 8815, Time: 00:47:03

Health: -1/75      AC:  6    Str: 11    XL:     9   Next: 64%
Magic:  14/14      EV: 10    Int: 19    God:
Gold:   364        SH:  0    Dex: 11    Spells: 9/15 levels left

rFire    . . .     SeeInvis +   H - +8 trident of Poexzeim {drain, rN+ MR+++}
rCold    . . .     Gourm    .   (no shield)
rNeg     + . .     Faith    .   x - +2 leather armour {rPois}
rPois    +         Spirit   .   (no helmet)
rElec    .         Reflect  .   (no cloak)
rCorr    .         Harm     .   (no gloves)
MR       ++++.                  (no barding)
Stlth    ++++......             m - amulet of the acrobat
HPRegen  0.22/turn              q - +1 ring of evasion
MPRegen  0.14/turn              (no ring)

@: very slow
A: large, see invisible, deformed body, poison resistance, slowness 2, slow
metabolism 1, spit poison 1, AC +3
a: Spit Poison


You were on level 7 of the Dungeon.
You were hungry.

You visited 1 branch of the dungeon, and saw 7 of its levels.

You collected 364 gold pieces.

Inventory:

Hand Weapons
 f - a +0 dagger
 l - a +2 dagger of venom
 E - a +0 whip of flaming
 H - the +8 trident of Poexzeim (weapon) {drain, rN+ MR+++}
   (You found it on level 7 of the Dungeon)

   A truly terrible weapon, it drains the life of those it strikes.
   It protects you from negative energy.
   It affects your resistance to hostile enchantments.
Missiles
 B - 19 stones (quivered)
Armour
 c - a +0 robe
 u - a +0 leather armour of cold resistance
 x - a +2 leather armour of poison resistance (worn)
 y - a +0 buckler
Jewellery
 m - an amulet of the acrobat (around neck)
 p - an uncursed amulet of harm {unknown}
 q - a +1 ring of evasion (left hand)
 F - an uncursed ring of protection from cold {unknown}
Wands
 w - a wand of flame (2)
 A - a wand of scattershot (10)
 D - a wand of iceblast (9)
Scrolls
 b - a scroll of amnesia
 e - 3 scrolls of enchant weapon
 g - 6 scrolls of remove curse
 h - a scroll of summoning {unknown}
 k - 3 scrolls of identify
 r - 2 scrolls of magic mapping {unknown}
 s - a scroll of enchant armour {unknown}
 v - a scroll of noise {unknown}
 z - a scroll of vulnerability {unknown}
 C - a scroll of teleportation {unknown}
Potions
 a - a potion of brilliance
 i - 2 potions of heal wounds {unknown}
 j - a potion of mutation {unknown}
 o - a potion of resistance
 t - a potion of flight {unknown}
 G - a potion of might {unknown}
Comestibles
 d - 18 rations
 n - a chunk of flesh


   Skills:
 - Level 3.1 Fighting
 - Level 4.6 Short Blades
 * Level 3.9 Polearms
 - Level 1.5 Dodging
 - Level 10.2 Stealth
 - Level 3.6 Spellcasting
 - Level 4.2 Conjurations
 - Level 2.0 Transmutations
 + Level 6.7 Earth Magic


You had 9 spell levels left.
You knew the following spells:

 Your Spells              Type           Power        Failure   Level  Hunger
a - Sandblast             Erth           ####..       1%          1    None
b - Passwall              Tmut/Erth      ###.....     4%          2    ##.....
c - Stone Arrow           Conj/Erth      ###...       6%          3    ###....

Your spell library contained the following spells:

 Spells                   Type           Power        Failure   Level  Hunger
 Petrify                  Tmut/Erth      ###.....     30%         4    ####...
 Lee's Rapid Deconstruct  Erth           ####......   32%         5    ######.


Dungeon Overview and Level Annotations

Branches:
Dungeon (7/15)
 Temple: D:4-7

Altars:
Dithmenos
Fedhas
Gozag
Makhleb
Nemelex Xobeh
Wu Jian
Yredelemnul

Annotations:
D:3 Natasha
D:5 Duvessa


Innate Abilities, Weirdness & Mutations

You cannot wear boots.
Your serpentine skin is tough. (AC +3)
You have supernaturally acute eyesight. (SInv)
Armour fits poorly on your strangely shaped body.
Your system is resistant to poisons. (rPois)
You cover ground very slowly.
You have a slow metabolism.
You can spit poison.


Message History

You hit the orc. You drain the orc.
You kill the orc!
Attack whom?
Press: ? - help, Dir - move target cursor, f - orc priest
Aim: an orc priest, wielding a +0 club You reach to attack!
You are feeling hungry.
You closely miss the orc priest.
Attack whom?
Press: ? - help, Dir - move target cursor, f/p - orc priest
Aim: an orc priest, wielding a +0 club You closely miss the orc priest.
The orc priest calls down the wrath of Beogh upon you.
Beogh smites you!
* * * LOW HITPOINT WARNING * * *
You puncture the orc priest!
The orc priest is severely wounded.
The orc priest invokes the aid of Beogh against you.
Beogh smites you!
You die...

# ##.## #.......# #.##... # #.#
#.####..# #.###.# # #.# #.# #..#
#.###.# ## ##'## #.####.)#
#...... .## ##.[.## #.......#
###.... ..## ##....o## #######.#
##.... ...###.......# ##.##.#
##..###
...##...>.....####...#.####......
....'.........'o@.............###
..###.........####....#.##.......
.## ##.......## #.[.###.#.......
.# ##.....## #.##.#.##...#.## .#
##...## #............... .# #+##
#####.####...... .# #.# #.#
####.## .# #.# #.# #.# .# ##.##
######.# .


You could see an orc priest.

Vanquished Creatures
  Pikel (D:5)
  A steam dragon (D:7)
  2 slaves
  An orc warrior (D:7)
  3 ice beasts
  A black bear (D:5)
  2 sky beasts
  An ogre (D:4)
  A gnoll sergeant (D:7)
  4 scorpions
  Dowan (D:5)
  4 killer bees (D:7)
  A wight (D:7)
  3 howler monkeys
  A bullfrog zombie (D:5)
  A centaur zombie (D:5)
  An orc wizard (D:6)
  3 orc priests
  2 hounds
  A jelly (D:7)
  A bullfrog skeleton (D:5)
  Jessica (D:3)
  Ijyb (D:5)
  4 worker ants
  Natasha (twice) (D:3)
  A hound zombie (D:6)
  8 gnolls
  4 adders
  2 shadow imps (D:7)
  2 oozes
  An adder zombie (D:5)
  6 worms
  3 dart slugs
  3 leopard geckos
  20 orcs
  A giant cockroach (D:3)
  9 hobgoblins
  13 jackals
  5 kobolds
  A quokka (D:6)
  5 bats
  8 goblins
  3 rats
  A bush (D:5)
140 creatures vanquished.

Vanquished Creatures (others)
  A slave (D:5)
  A shadow imp (D:5)
2 creatures vanquished.

Grand Total: 142 creatures vanquished

Notes
Turn   | Place    | Note
-------+----------+-------------------------------------------
     0 | D:1      | Matador8 the Naga Earth Elementalist began the quest for
                  | the Orb.
     0 | D:1      | Reached XP level 1. HP: 15/15 MP: 3/3
   110 | D:1      | Reached XP level 2. HP: 19/22 MP: 5/5
   208 | D:1      | Reached skill level 4 in Stealth
   650 | D:2      | Reached XP level 3. HP: 28/28 MP: 4/6
   654 | D:2      | Learned a level 2 spell: Passwall
   658 | D:2      | Learned a level 3 spell: Stone Arrow
  1179 | D:2      | Reached skill level 1 in Conjurations
  1250 | D:2      | Reached XP level 4. HP: 36/36 MP: 7/7
  1622 | D:3      | Found a faded altar of an unknown god.
  1638 | D:3      | Found a sparkling altar of Nemelex Xobeh.
  1684 | D:3      | Found a shadowy altar of Dithmenos.
  1693 | D:3      | Noticed Jessica
  1715 | D:3      | Killed Jessica
  2010 | D:3      | Reached skill level 5 in Stealth
  2010 | D:3      | Reached XP level 5. HP: 27/42 MP: 0/8
  2434 | D:3      | Noticed Natasha
  2444 | D:3      | Killed Natasha
  2606 | D:3      | Reached skill level 1 in Short Blades
  2617 | D:3      | Found an ornate altar of the Wu Jian Council.
  2846 | D:3      | Noticed Natasha
  2878 | D:3      | Killed Natasha
  3011 | D:3      | Noticed Natasha
  3394 | D:4      | Noticed an ogre
  3899 | D:5      | Entered Level 5 of the Dungeon
  3903 | D:5      | Noticed an ice beast
  3916 | D:4      | Reached XP level 6. HP: 26/49 MP: 5/9
  4054 | D:5      | Noticed Ijyb
  4087 | D:5      | Killed Ijyb
  4402 | D:5      | Reached skill level 6 in Stealth
  4708 | D:5      | Noticed Pikel
  4708 | D:5      | Noticed a slave
  4708 | D:5      | Noticed a slave
  4708 | D:5      | Noticed a slave
  4818 | D:4      | Killed a slave
  5020 | D:5      | Reached XP level 7. HP: 39/55 MP: 6/10
  5144 | D:5      | Found a blossoming altar of Fedhas.
  5144 | D:5      | Noticed Duvessa
  5144 | D:5      | Noticed Dowan
  5218 | D:4      | Reached skill level 7 in Stealth
  5218 | D:4      | Reached skill level 5 in Earth Magic
  5461 | D:5      | Reached skill level 8 in Stealth
  5919 | D:5      | Found a basalt altar of Yredelemnul.
  5919 | D:5      | Found an opulent altar of Gozag.
  6017 | D:5      | Killed Dowan
  6017 | D:5      | Reached XP level 8. HP: 57/62 MP: 8/11
  6066 | D:5      | Killed Pikel
  6066 | D:5      | Reached skill level 10 in Stealth
  6235 | D:6      | Reached skill level 1 in Fighting
  7358 | D:6      | Reached XP level 9. HP: 74/75 MP: 11/13
  7487 | D:6      | Found a burning altar of Makhleb.
  8087 | D:7      | Got a smoking trident
  8115 | D:7      | Identified the +8 trident of Poexzeim {drain, rN+ MR+++}
                  | (You found it on level 7 of the Dungeon)
  8176 | D:7      | Reached skill level 1 in Polearms
  8815 | D:7      | Killed from afar by an orc priest

Levels and vault maps discovered:
D:1:      ncdulo_wetmaze, layout_rooms
D:2:      layout_loops_cross, minivault_23
D:3:      layout_loops_ring, marbit_many_paths,
          nicolae_dithmenos_through_a_glass_darkly,
          nemelex_xobeh_ov_fountains_minmay, chequers_ecumenical_altar_simple,
          first_ration, minmay_misc_feat_room, uniq_natasha, uniq_jessica
D:4:      layout_basic, minmay_misc_feat_four_crosses
D:5:      layout_loops_ring, gammafunk_temple_overflow_forgotten, uniq_ijyb,
          uniq_duvessa, uniq_pikel
D:6:      layout_loops_ring, lemuel_round_altar
D:7:      layout_loops_corners, minmay_temple_entry_statues

Skill      XL: |  1  2  3  4  5  6  7  8  9 |
---------------+----------------------------+-----
Stealth        | 4 5 6 8 10 | 10.2
Conjurations   | 1 2 4 |  4.2
Transmutations | 2 |  2.0
Earth Magic    | 4 6 |  6.7
Short Blades   | 2 3 4 |  4.6
Fighting       | 3 |  3.1
Spellcasting   | 3 |  3.6
Polearms       | 3 |  3.9
Dodging        | |  1.5

Action                   |  1- 3 |  4- 6 |  7- 9 || total
-------------------------+-------+-------+-------++-------
Melee: Dagger            |    33 |    94 |   106 ||   233
       Trident           |       |       |    82 ||    82
 Cast: Sandblast         |    44 |    51 |    42 ||   137
       Stone Arrow       |     1 |     4 |    11 ||    16
 Abil: Spit Poison       |    11 |    20 |    33 ||    64
  Use: Scroll            |       |     2 |     6 ||     8
       Potion            |       |     2 |     4 ||     6
 Stab: Sleeping          |       |     1 |    10 ||    11
  Eat: Chunk             |     2 |     8 |     7 ||    17
       Ration            |       |     1 |     2 ||     3
Armor: Robe              |     5 |    13 |       ||    18
       Leather armour    |       |    15 |    61 ||    76
Dodge: Dodged            |    25 |   116 |   116 ||   257
